 Dungeon Sprint DCSS version 0.14-a0-2604-g6f603d6 (webtiles) character file.

30 BluebellGnoll the Thaumaturge (level 3, -5/28 HPs)
             Began as a Deep Elf Summoner on Feb 13, 2014.
             Was an Initiate of Sif Muna.
             Slain by a sky beast (6 damage)
             ... in the Dungeon (Sprint IX: "|||||||||||||||||||||||||||||").
             The game lasted 00:03:44 (321 turns).

BluebellGnoll the Thaumaturge (Deep Elf Summoner)    Turns: 321, Time: 00:03:44

HP  -5/28        AC  6     Str 10      XL: 3   Next:  3%
MP  16/18        EV 13     Int 23      God: Sif Muna [......]
Gold 0           SH  0     Dex 15      Spells:  2 memorised, 16 levels left

rFire  . . .     SeeInvis .     t - +2 halberd (venom)
rCold  . . .     Clarity  .     a - +0 elf robe
rNeg   . . .     Conserve .     (no shield)
rPois  .         rCorr    .     (no helmet)
rElec  .         rRot     .     (no cloak)
SustAb . .       Spirit   .     r - +0 pair of dwarf gloves
rMut   .         Warding  .     q - +0 pair of orc boots
Saprov . . .     NoTele   +     (no amulet)
MR     .....                    p - +2 ring of protection
                                o - +3 ring of intelligence

@: berserking, very quick, not resistant to hostile enchantments, extremely
unstealthy
A: no striking features
a: Renounce Religion


You were in the Dungeon.
You worshipped Sif Muna.
Sif Muna was noncommittal.
You were not hungry.

You visited 1 branch

Inventory:

Hand weapons
 t - a +2,+2 halberd of venom (weapon)
 u - a +2,+2 morningstar of protection
Armour
 a - a +0 elven robe (worn)
 q - a +0 pair of orcish boots (worn)
 r - a +0 pair of dwarven gloves (worn)
Magical devices
 n - a wand of draining (7)
Comestibles
 c - a bread ration
Scrolls
 i - 2 scrolls of blinking
 l - 3 scrolls of remove curse
 m - 2 scrolls of amnesia
Jewellery
 o - a +3 ring of intelligence (left hand)
 p - a +2 ring of protection (right hand)
Potions
 d - 5 potions of curing
 e - 3 potions of heal wounds
 f - a potion of speed
 g - 4 potions of magic
 k - a potion of invisibility
Books
 b - a book of Callings

   Spells                             Type                      Level
   *Summon Small Mammal               Summoning                    1
   *Call Imp                          Summoning                    2
   Call Canine Familiar               Summoning                    3
   Summon Scorpions                   Summoning/Poison             4
   Summon Ice Beast                   Ice/Summoning                4
Magical staves
 y - an uncursed staff of energy


   Skills:
 - Level 2.4 Dodging
 - Level 2.4 Stealth
 + Level 8.5 Spellcasting
 - Level 4.3 Summonings


You had 16 spell levels left.
You knew the following spells:

 Your Spells              Type           Power        Failure   Level  Hunger
a - Summon Small Mammal   Summ           ####         1%          1    None
b - Call Imp              Summ           ####......   1%          2    None


Dungeon Overview and Level Annotations

Branches:
Dungeon (1/1)

Altars:
Ashenzari
Cheibriados
Dithmenos
Elyvilon
Fedhas
Kikubaaqudgha
Makhleb
Nemelex Xobeh
Okawaru
Sif Muna
Trog
Vehumet
Xom
Yredelemnul
Zin
The Shining One


Message History

You closely miss something.
Your crimson imp blinks!
Something hits you but does no damage.
You closely miss something. Something hits you. Something shocks you!
Something hits you but does no damage.
You miss something. Something barely misses you.
Drink which item? (? for menu, Esc to quit)
A red film seems to cover your vision as you go berserk!
You feel yourself moving faster!
You feel mighty! Something hits you but does no damage.
Your crimson imp blinks!
You puncture something! Something hits you. Something shocks you!
* * * LOW HITPOINT WARNING * * *
Your crimson imp blinks!
You barely miss something.
The phantom hits your crimson imp but does no damage.
Something hits you.
* * * LOW HITPOINT WARNING * * *
Something shocks you!
You die... ▓▓▓▓▓▓▓▓▓▓▓▓▓▓▓▓▓▓▓▓▓▓▓▓▓▓▓ _________5....p5@.ro......+ ▓▓▓▓▓▓▓▓▓▓▓▓▓▓▓▓▓▓▓▓▓▓▓▓▓▓▓

You could see a phantom, an orc, a rat and 2 friendly crimson imps.

Vanquished Creatures
  A kobold (D)
  A bat (D)
  A jackal (D)
  A rat skeleton (D)
4 creatures vanquished.

Vanquished Creatures (collateral kills)
  A crimson imp (D)
  An adder (D)
  A hobgoblin (D)
  A jackal (D)
  2 bats (D)
  A goblin zombie (D)
  A rat (D)
8 creatures vanquished.

Vanquished Creatures (others)
  3 quokkas (D)
  2 rats (D)
5 creatures vanquished.

Grand Total: 17 creatures vanquished

Notes
Turn   | Place    | Note
--------------------------------------------------------------
     0 | D        | BluebellGnoll, the Deep Elf Summoner, began the quest for the Orb.
     0 | D        | Reached XP level 1. HP: 10/10 MP: 5/5
   112 | D        | Noticed a crimson imp
   114 | D        | Reached skill level 5 in Spellcasting
   131 | D        | Killed a crimson imp
   131 | D        | Reached skill level 7 in Spellcasting
   131 | D        | Reached XP level 2. HP: 6/15 MP: 7/14
   148 | D        | Reached skill level 8 in Spellcasting
   161 | D        | Found a burning altar of Makhleb.
   161 | D        | Found a glowing silver altar of Zin.
   161 | D        | Found a radiant altar of Vehumet.
   161 | D        | Found a snail-covered altar of Cheibriados.
   161 | D        | Found an ancient bone altar of Kikubaaqudgha.
   161 | D        | Found a deep blue altar of Sif Muna.
   161 | D        | Found a blossoming altar of Fedhas.
   162 | D        | Found a glowing golden altar of the Shining One.
   163 | D        | Found a shimmering altar of Xom.
   164 | D        | Found a sparkling altar of Nemelex Xobeh.
   165 | D        | Found a shattered altar of Ashenzari.
   166 | D        | Found a white marble altar of Elyvilon.
   167 | D        | Found a shadowy altar of Dithmenos.
   168 | D        | Found an iron altar of Okawaru.
   169 | D        | Became a worshipper of Sif Muna the Loreminder
   170 | D        | Found a basalt altar of Yredelemnul.
   171 | D        | Found a bloodstained altar of Trog.
   172 | D        | Found a glowing golden altar of the Shining One.
   173 | D        | Found a snail-covered altar of Cheibriados.
   258 | D        | Learned a level 2 spell: Call Imp
   300 | D        | Noticed a sky beast
   300 | D        | Noticed a phantom
   302 | D        | Reached XP level 3. HP: 17/19 MP: 15/18
   321 | D        | HP: 1/28 [something (2)]
   321 | D        | Slain by a sky beast

Action                   || total
-------------------------++-------
Melee: Unarmed           ||     9
       Club              ||     6
       Halberd           ||    12
 Cast: Summon Small Mamm ||     8
       Call Imp          ||     2
  Use: Potion            ||     1
 Stab: Sleeping          ||     2
